 Seeded DCSS version 0.29.1-15-g9cfb28693d (webtiles) character file.

Game seed: 15851554773747161596 (custom seed)

18 bmack86 the Trooper (level 2, -6/27 HPs)
             Began as a Minotaur Fighter on Mar 17, 2023.
             Mangled by a kobold
             ... wielding a +1 whip of electrocution
              (14 damage)
             ... on level 1 of the Dungeon.
             The game lasted 00:01:48 (292 turns).

bmack86 the Trooper (Minotaur Fighter)               Turns: 292, Time: 00:01:49

Health: -6/27      AC:  7    Str: 20    XL:     2   Next: 51%
Magic:  1/1        EV:  9    Int:  5    God:
Gold:   93         SH:  4    Dex:  9    Spells: 1/1 levels left

rFire   . . .      SeeInvis .   a - +0 war axe
rCold   . . .      Faith    .   c - +0 buckler
rNeg    . . .      Spirit   .   b - +0 scale mail
rPois   .          Reflect  .   (helmet restricted)
rElec   .          Harm     .   (no cloak)
rCorr   .          Rampage  .   (no gloves)
Will    .....                   (no boots)
Stlth   ..........              e - amulet of the acrobat
HPRegen 0.09/turn               (no ring)
MPRegen 0.07/turn               (no ring)

@: no status effects
A: horns 2, retaliatory headbutt
a: no special abilities


You were on level 1 of the Dungeon.
You visited 1 branch of the dungeon, and saw 1 of its levels.

You collected 93 gold pieces.

Inventory:

Hand Weapons
 a - a +0 war axe (weapon)
Armour
 b - a +0 scale mail (worn)
 c - a +0 buckler (worn)
Jewellery
 e - an amulet of the acrobat (around neck)
Potions
 d - a potion of might


   Skills:
 + Level 3.9 Fighting
 * Level 3.1 Axes
 + Level 3.9 Armour
 + Level 3.9 Shields


You had one spell level left.
You didn't know any spells.
Your spell library was empty.

Dungeon Overview and Level Annotations

Branches:
Dungeon (1/15)

Altars:


Innate Abilities, Weirdness & Mutations

You have a pair of horns on your head.
You reflexively headbutt those who attack you in melee.


Message History

You slash the kobold!
You kill the kobold!
You closely miss the frilled lizard. The frilled lizard bites you.
You miss the kobold. Your headbutt misses the kobold.
You barely miss the frilled lizard. The frilled lizard barely misses you.
The endoplasm jiggles.
The kobold hits you but does no damage. x2
The frilled lizard closely misses you.
You barely miss the kobold. Your headbutt misses the kobold.
You closely miss the frilled lizard. You hit the endoplasm.
The frilled lizard bites you but does no damage.
You block the endoplasm's attack. The kobold barely misses you.
You furiously retaliate!
You headbutt the kobold. You completely miss the kobold.
The kobold is moderately wounded.
You hit the frilled lizard.
You kill the frilled lizard!
You hit the endoplasm. The endoplasm freezes you.
You are frozen.
The kobold closely misses you. You block the endoplasm's attack.
The kobold hits you with a +1 whip of electrocution.
You miss the kobold.
The kobold is moderately wounded.
You barely miss the endoplasm. The endoplasm closely misses you.
The kobold hits you with a +1 whip of electrocution.
You closely miss the kobold.
The kobold is moderately wounded.
You hit the endoplasm but do no damage. The endoplasm freezes you.
You are frozen.
The kobold hits you with a +1 whip of electrocution.
You closely miss the kobold.
The kobold is moderately wounded.
You barely miss the endoplasm.
The kobold hits you with a +1 whip of electrocution.
* * * LOW HITPOINT WARNING * * *
You are electrocuted!
Ouch! That really hurt!
You die...

#.........## #
###.####..#.#####
#.###...........#
#.#.........#.###
###.>......## #..#
...........# ##.##
...........# #..#
.......J...### ##.#
......K@.$$..# ##.#####
...........#.###......#
#######....#...#......#
#....###........#
###### ###.)....#
#......# #......#
#......# #......#


You could see an endoplasm and a kobold.

Vanquished Creatures
  2 bats (D:1)
  2 endoplasms (D:1)
  A goblin (D:1)
  A hobgoblin (D:1)
  3 jackals (D:1)
  3 kobolds (D:1)
  A ball python (D:1)
  A frilled lizard (D:1)
  A rat (D:1)
15 creatures vanquished.

Vanquished Creatures (others)
  7 plants (D:1)
7 creatures vanquished.

Grand Total: 22 creatures vanquished

Notes
Turn   | Place    | Note
-------+----------+-------------------------------------------
     0 | D:1      | bmack86 the Minotaur Fighter began the quest for the Orb.
     0 | D:1      | Reached XP level 1. HP: 19/19 MP: 0/0
   157 | D:1      | Reached XP level 2. HP: 26/27 MP: 1/1
   292 | D:1      | Mangled by a kobold

Illustrated notes

Levels and vault maps discovered:
D:1:      evilmike_arrival_plus, layout_rooms,
          shapermc_ecumenical_altar_hornbeckon, dreamdust_wishing_well,
          serial_bayou_lagoon_a, hangedman_abyss_or_decor_lesser_grid

Skill      XL: |  1  2 |
---------------+-------+-----
Axes           | 3 |  3.1
Fighting       | |  3.9
Armour         | |  3.9
Shields        | |  3.9

Action                   || total
-------------------------++-------
Melee: War axe           ||    25
       Headbutt          ||     4
Armor: Scale mail        ||    13
Dodge: Dodged            ||    24
Block: Buckler           ||    11
